Map: Stargazers

Players

gumiho

  • Race: Terran Terran
  • Spawn Location: 1:00

Geralt (Gerald) - Winner!

  • Race: Protoss Protoss
  • League: Master
  • Spawn Location: 11:00

Event: HomeStory Cup XXII

VOD

Have the link to the VOD?

Description

Time

  • Played on: Dec. 15, 2022, 10:43 a.m.
  • Length: 18:55

All games in this series

Show
View Real Time Build Order
Export as new Build Order

gumiho Terran 

Build Orders: Cyclone Opening 

Get SALT Encoding   

  12  0:00  SCV  
  13  0:12  SCV  
  14  0:17  Supply Depot  
  14  0:24  SCV  
  15  0:38  SCV  
  15  0:39  Barracks  
  16  0:44  Refinery  
  16  0:50  SCV  
  16  0:55  Refinery  
  17  1:02  SCV  
  18  1:14  SCV  
  19  1:25  Reaper  
  19  1:26  Orbital Command  
  20  1:44  Factory  
  20  1:46  Supply Depot  
  20  1:52  SCV  
  21  1:56  Bunker  
  21  1:58  Reaper  
  22  2:04  SCV  
  23  2:16  SCV  
  23  2:28  SCV  
  23  2:29  Factory Tech Lab  
  24  2:31  Command Center  
  24  2:40  SCV  
  25  2:47  Cyclone  
  25  2:50  Supply Depot  
  28  2:53  SCV  
  29  3:06  Barracks, SCV  
  30  3:18  Barracks Reactor, SCV  
  30  3:19  Cyclone  
  34  3:30  SCV  
  34  3:42  SCV  
  34  3:44  Orbital Command  
  35  3:54  Barracks  
  35  3:55  SCV, Marine  
  36  3:56  Marine  
  36  3:57  Barracks Tech Lab  
  36  4:00  Siege Tank  
  41  4:07  SCV  
  41  4:08  Supply Depot  
  42  4:16  SCV  
  43  4:19  SCV  
  43  4:24  Marine x2  
  43  4:25  Marine  
  43  4:26  Stimpack  
  43  4:28  SCV  
  43  4:31  SCV  
  48  4:34  Siege Tank  
  48  4:40  SCV  
  48  4:42  Supply Depot  
  48  4:43  SCV, Marine x2  
  48  4:45  Engineering Bay, Barracks Tech Lab  
  52  4:49  Marine  
  52  4:52  SCV  
  54  4:55  SCV  
  55  5:01  Supply Depot, Marine x2  
  55  5:04  SCV  
  55  5:05  Marine  
  55  5:06  Marine  
  60  5:07  SCV  
  60  5:08  Siege Tank  
  60  5:12  Missile Turret  
  64  5:16  SCV  
  64  5:19  Refinery, Combat Shield, SCV  
  66  5:22  Supply Depot  
  66  5:27  Marine  
  66  5:28  Marine x2  
  69  5:29  Marine  
  69  5:31  SCV x2  
  69  5:35  Supply Depot  
  72  5:36  Supply Depot  
  72  5:43  SCV x2  
  72  5:45  Marine x2  
  72  5:46  Marine  
  72  5:47  Marine  
  72  5:48  Siege Tank  
  81  5:55  SCV  
  81  5:56  SCV  
  82  6:00  Supply Depot  
  82  6:01  Supply Depot  
  82  6:03  Marine x2  
  82  6:08  SCV x2  
  84  6:20  SCV x2  
  84  6:24  Marine x2  
  88  6:29  Refinery  
  88  6:32  SCV x2  
  90  6:36  Starport  
  90  6:37  Marine  
  90  6:38  Factory Reactor, Marine  
  92  6:44  SCV x2, Marine x2  
  96  6:50  Supply Depot  
  96  6:52  Supply Depot  
  96  6:55  Marine x2  
  96  6:56  SCV x2  
  96  7:00  Terran Infantry Weapons Level 1  
  100  7:04  Marine x2  
  100  7:08  SCV x2  
  104  7:13  Marine x2  
  106  7:18  Command Center  
  106  7:21  Barracks  
  106  7:22  SCV x2  
  108  7:24  Factory Reactor  
  108  7:28  Marine x2  
  108  7:31  Marine  
  100  7:37  Marine  
  99  7:46  Marine x2  
  99  7:47  SCV  
  99  7:49  SCV, Marauder  
  103  7:55  Marine  
  104  7:59  SCV  
  104  8:02  SCV  
  104  8:03  Supply Depot x2, Medivac  
  104  8:04  Barracks  
  108  8:08  Medivac  
  110  8:14  SCV x2  
  110  8:18  Refinery  
  114  8:20  Marauder x2, Marine x2  
  114  8:24  Marauder  
  110  8:37  Marine x2  
  110  8:38  SCV  
  110  8:39  SCV  
  116  8:41  Marauder x2  
  116  8:46  Supply Depot, Marine  
  119  8:55  Concussive Shells, Terran Infantry Armor Level 1, Marine x2  
  103  9:04  Marauder x2, Marine x2  
  106  9:11  Orbital Command  
  106  9:15  Marine  
  103  9:18  Marine  
  103  9:23  Marine  
  103  9:24  Marine  
  95  9:39  SCV x2  
  95  9:40  Orbital Command  
  99  9:47  Viking x2  
  102  9:52  SCV  
  102  9:53  SCV  
  102  9:54  Widow Mine  
  102  9:55  Widow Mine  
  107  10:02  Marauder x3  
  113  10:11  Missile Turret  
  109  10:14  Supply Depot  
  109  10:17  Supply Depot, Medivac x2  
  109  10:20  Marine x2  
  115  10:23  Marauder x2  
  119  10:28  Orbital Command  
  119  10:30  Engineering Bay, Armory  
  119  10:35  SCV x2  
  122  10:38  Marauder  
  122  10:41  Marine  
  122  10:42  Marine  
  126  10:43  Barracks Reactor  
  126  10:44  Marauder  
  126  10:47  SCV x2  
  129  10:53  Ghost Academy  
  129  10:54  Orbital Command  
  129  10:59  SCV x2  
  129  11:02  Marauder  
  134  11:11  Missile Turret  
  133  11:14  SCV x2  
  133  11:17  Sensor Tower  
  135  11:23  Terran Infantry Weapons Level 2  
  135  11:26  SCV, Terran Infantry Armor Level 2  
  135  11:30  Medivac  
  135  11:32  Medivac  
  140  11:38  Widow Mine x2  
  144  11:43  Refinery x2  
  148  11:47  Missile Turret  
  148  11:49  Ghost  
  146  11:54  Ghost  
  147  12:05  Ghost  
  149  12:14  Command Center  
  149  12:16  Widow Mine x2  
  153  12:30  Marauder x2  
  153  12:31  Marine x3  
  160  12:37  Widow Mine x2  
  164  12:46  Marauder, Marine  
  164  12:49  Marine x3  
  164  12:50  Medivac  
  172  12:55  Medivac  
  172  12:56  Supply Depot x2  
  172  12:57  Supply Depot  
  173  13:00  Enhanced Shockwaves  
  173  13:04  Ghost x2  
  173  13:11  Marine  
  173  13:13  Marine  
  173  13:14  Marine  
  173  13:17  Ghost  
  175  13:26  Missile Turret  
  173  13:27  Marine  
  173  13:29  Marine  
  173  13:31  SCV x3, Marine  
  173  13:33  Marauder x2  
  183  13:36  Missile Turret  
  183  13:42  Terran Infantry Weapons Level 3  
  183  13:44  Barracks  
  183  13:45  Barracks x2  
  183  13:47  Missile Turret  
  183  13:49  Missile Turret  
  183  13:55  Missile Turret  
  183  13:57  Planetary Fortress  
  182  14:07  Marauder x2  
  182  14:08  Marine x2  
  186  14:11  Terran Infantry Armor Level 3  
  186  14:15  Ghost  
  188  14:22  Command Center  
  188  14:27  Ghost  
  188  14:30  SCV x3  
  193  14:33  Refinery x2  
  193  14:34  Starport  
  193  14:35  SCV  
  193  14:43  Marauder  
  193  14:44  Marauder  
  197  14:46  Barracks Tech Lab x2  
  197  14:47  Barracks Reactor  
  197  14:51  Missile Turret  
  197  14:56  Ghost  
  190  15:17  Ghost  
  190  15:18  Ghost  
  194  15:21  Personal Cloaking  
  194  15:22  Fusion Core  
  194  15:27  Terran Ship Weapons Level 1  
  191  15:29  Marauder x2, Marine x3  
  191  15:31  Medivac  
  198  15:44  Command Center  
  198  15:46  Command Center  
  198  15:47  Medivac  
  200  16:06  Sensor Tower  
  200  16:09  Advanced Ballistics  
  198  16:24  Marauder x3, Marine x4  
  164  16:30  Marauder  
  164  16:31  Viking x4  
  131  16:47  Nuke  
  131  16:48  Marauder  
  131  16:49  Marauder x3, Marine x2  
  135  16:54  Marauder, Marine x3  
  135  16:55  Marine  
  135  17:01  Viking  
  134  17:07  Marine  
  134  17:08  Orbital Command  
  134  17:10  Marauder x2  
  134  17:12  Orbital Command, Ghost  
  137  17:24  Ghost x2  
  137  17:25  Marine x2  
  137  17:27  Marine  
  137  17:28  Marine  
  140  17:31  Marauder  
  140  17:32  Marine  
  140  17:33  Marauder  
  140  17:34  Marine  
  108  17:51  Marauder  
  108  17:52  Marine x2, Ghost  
  108  17:53  Ghost  
  108  17:55  Marine x2  
  108  17:57  Marine  
  119  18:10  Liberator x3, Orbital Command  
  128  18:13  Ghost  
  128  18:16  Ghost  
  132  18:26  Marauder x2, Marine x3  
  139  18:32  SCV  
Show
View Real Time Build Order
Export as new Build Order

Geralt Protoss - Winner!

Build Orders: Blink Stalkers 

Get SALT Encoding   

  12  0:00  Probe  
  13  0:12  Probe  
  14  0:18  Pylon  
  14  0:24  Probe (Chrono Boost)  
  15  0:37  Gateway  
  15  0:38  Probe (Chrono Boost)  
  16  0:43  Probe (Chrono Boost)  
  16  0:48  Assimilator  
  17  0:53  Probe  
  18  1:05  Probe  
  19  1:20  Probe  
  19  1:25  Cybernetics Core  
  20  1:27  Zealot  
  20  1:30  Pylon  
  20  1:32  Probe  
  23  1:39  Assimilator  
  23  1:53  Nexus  
  23  1:58  Stalker (Chrono Boost)  
  25  2:04  Probe  
  25  2:17  Probe  
  25  2:24  Adept (Chrono Boost)  
  25  2:29  Warp Gate, Probe  
  28  2:41  Probe  
  29  2:55  Probe  
  29  2:56  Twilight Council  
  30  2:58  Stalker  
  31  3:08  Probe (Chrono Boost)  
  31  3:11  Probe (Chrono Boost)  
  35  3:20  Probe (Chrono Boost)  
  35  3:23  Probe (Chrono Boost)  
  35  3:25  Probe (Chrono Boost)  
  36  3:32  Probe (Chrono Boost)  
  35  3:34  Probe (Chrono Boost)  
  35  3:38  Blink  
  36  3:45  Shield Battery  
  36  3:47  Probe (Chrono Boost)  
  36  3:48  Robotics Facility  
  36  3:50  Probe (Chrono Boost)  
  36  3:53  Probe (Chrono Boost)  
  39  3:57  Probe (Chrono Boost)  
  39  4:01  Probe  
  39  4:02  Gateway  
  41  4:09  Probe  
  42  4:15  Probe  
  41  4:20  Stalker  
  41  4:21  Probe  
  44  4:27  Probe  
  44  4:28  Pylon  
  45  4:33  Probe  
  46  4:40  Pylon  
  46  4:43  Warp Prism (Chrono Boost)  
  46  4:45  Gateway  
  46  4:46  Probe x2  
  46  4:49  Gateway  
  46  4:50  Pylon  
  46  4:52  Stalker  
  52  4:57  Pylon  
  53  5:00  Probe, Assimilator  
  53  5:02  Stalker  
  53  5:03  Probe  
  56  5:12  Observer  
  57  5:23  Stalker  
  57  5:24  Pylon  
  59  5:33  Observer  
  60  5:36  Stalker  
  60  5:38  Nexus  
  60  5:42  Probe  
  63  5:44  Assimilator, Pylon  
  63  5:48  Stalker x3  
  69  6:01  Stalker  
  69  6:02  Probe  
  72  6:07  Probe  
  73  6:15  Probe  
  68  6:19  Shield Battery, Probe  
  68  6:24  Immortal  
  73  6:27  Robotics Bay, Probe  
  73  6:29  Stalker x2  
  73  6:30  Stalker  
  73  6:31  Probe  
  81  6:39  Probe  
  82  6:45  Charge (Chrono Boost)  
  82  6:50  Gateway  
  82  6:52  Forge  
  82  6:53  Pylon  
  82  6:54  Probe  
  85  7:11  Shield Battery, Adept x4  
  85  7:12  Disruptor (Chrono Boost)  
  90  7:41  Disruptor (Chrono Boost)  
  90  7:42  Stalker x4  
  87  7:57  Zealot  
  85  8:04  Gateway x2  
  85  8:07  Gateway  
  85  8:11  Zealot x4  
  91  8:14  Disruptor (Chrono Boost)  
  88  8:32  Zealot x5  
  89  8:35  Pylon  
  89  8:44  Disruptor  
  89  8:58  Zealot  
  89  8:59  Zealot x5  
  95  9:16  Nexus  
  89  9:22  Zealot x3  
  91  9:30  Observer  
  85  9:36  Pylon  
  85  9:43  Probe x2  
  87  9:45  Dark Shrine  
  87  9:52  Colossus (Chrono Boost)  
  87  9:55  Probe  
  87  9:56  Probe  
  95  10:00  Observer  
  95  10:07  Probe  
  95  10:08  Probe  
  97  10:18  Observer  
  97  10:20  Probe  
  98  10:22  Observer  
  98  10:25  Shield Battery, Stalker  
  100  10:35  Probe  
  93  10:36  Stalker x2  
  99  10:50  Protoss Ground Weapons Level 1 (Chrono Boost), Warp Prism (Chrono Boost)  
  99  10:55  Nexus, Extended Thermal Lance  
  99  10:56  Probe, Pylon  
  100  10:59  Probe  
  100  11:00  Probe, Assimilator x2  
  100  11:04  Observer  
  102  11:05  Dark Templar x2  
  102  11:10  Stalker  
  108  11:15  Disruptor (Chrono Boost)  
  108  11:16  Probe  
  112  11:19  Templar Archives  
  112  11:23  Probe  
  113  11:32  Stalker x4  
  117  11:37  Probe  
  122  11:43  Probe  
  123  11:49  Probe x2  
  123  11:53  Shield Battery  
  125  11:54  Pylon  
  125  11:55  Probe  
  124  12:05  Stalker x4  
  132  12:17  Assimilator  
  132  12:18  Assimilator  
  130  12:27  Photon Cannon  
  130  12:28  Photon Cannon  
  130  12:29  Stalker x2  
  131  12:31  Psionic Storm  
  131  12:32  Probe  
  131  12:34  Zealot x6  
  144  12:46  Gravitic Drive  
  144  12:47  Disruptor  
  144  12:48  Protoss Ground Weapons Level 2 (Chrono Boost)  
  138  12:58  Probe  
  138  12:59  Probe  
  138  13:02  Probe  
  139  13:05  Zealot x4  
  147  13:15  Probe (Chrono Boost)  
  147  13:19  Stalker x4  
  154  13:23  Observer, Probe (Chrono Boost)  
  154  13:26  Probe (Chrono Boost)  
  151  13:27  Probe (Chrono Boost)  
  151  13:36  High Templar x2  
  151  13:40  Nexus  
  155  13:43  Pylon  
  155  13:53  Photon Cannon, Pylon  
  155  13:57  Probe  
  155  14:01  Disruptor  
  157  14:07  High Templar x3  
  157  14:08  Probe  
  164  14:12  Shield Battery, Photon Cannon, Pylon  
  164  14:13  Pylon  
  164  14:18  Archon  
  164  14:24  Pylon  
  164  14:29  Pylon  
  164  14:33  Stargate  
  164  14:34  Immortal (Chrono Boost)  
  168  14:41  High Templar x8  
  184  14:47  Archon x3  
  183  14:56  Probe  
  167  15:11  Immortal  
  167  15:12  Probe x4  
  169  15:15  Photon Cannon  
  169  15:17  Shield Battery  
  165  15:25  Probe  
  165  15:26  High Templar x2  
  165  15:27  Stalker x6  
  182  15:33  Assimilator  
  182  15:38  Protoss Ground Weapons Level 3 (Chrono Boost)  
  182  15:41  Probe x2  
  182  15:50  Nexus  
  182  15:53  Pylon  
  182  15:59  Pylon  
  182  16:02  Immortal  
  186  16:08  Probe x2 (Chrono Boost)  
  186  16:09  Probe (Chrono Boost)  
  190  16:12  Probe (Chrono Boost)  
  190  16:16  Probe (Chrono Boost)  
  191  16:23  Archon  
  184  16:31  Stalker x4  
  169  16:49  Stalker x4  
  171  16:56  Immortal  
  171  16:59  Probe  
  171  17:00  Stalker x4  
  174  17:32  Archon  
  174  17:35  Disruptor  
  158  17:51  Probe, Stalker  
  158  17:52  Stalker x6  
  158  17:56  Probe x2  
  174  18:08  Probe  
  174  18:11  Disruptor, Robotics Facility  
  178  18:13  Robotics Facility  
  178  18:16  High Templar  
  178  18:17  Stalker x6, High Templar  
  194  18:24  Probe  
  194  18:26  Photon Cannon  
  194  18:27  Shield Battery  
  195  18:29  Pylon  
  195  18:31  Probe x2  
  195  18:33  Photon Cannon  
  195  18:34  Shield Battery  
Tags
 
Composition
Blink Stalkers
League
Master
Matchup
PvT
Replay Pack
hsc22
Spawn Locations
Close Positions
Add a new tag
Caveats
  • Supply blocks, unpowered buildings, or Contaminate may cause inaccurate times.
  • Supply counts are checked every 10 seconds.